 Dungeon Crawl Stone Soup version 0.31-a0-983-g7b6862f502 (webtiles) character file.

Game seed: 5188964790003312548

3444 IdlyInterested the Mimic (level 9, -5/65 HPs)
             Began as a Demonspawn Shapeshifter on Nov 2, 2023.
             Slain by an orc warrior
             ... wielding a +0 war axe
              (11 damage)
             ... in a bailey.
             The game lasted 00:25:08 (6927 turns).

IdlyInterested the Mimic (Demonspawn Shapeshifter)  Turns: 6927, Time: 00:25:10

Health: -5/65      AC: 10    Str: 18    XL:     9   Next: 77%
Magic:  9/9        EV:  7    Int: 11    God:
Gold:   37         SH: 12    Dex: 20    Spells: 8/8 levels left

rFire   . . .        l - +1 whip (elec)
rCold   . . .        (no shield)
rNeg    . . .        X - +0 plate armour
rPois   .            N - melded +0 helmet
rElec   .            f - melded +0 cloak
rCorr   .            z - melded +0 pair of gloves
SInv    .            (boots currently unavailable)
Will    +....        R - amulet of the acrobat Stlth
                     B - ring of willpower
HPRegen 0.30/turn    E - +6 ring of dexterity
MPRegen 0.11/turn

%: acrobat
@: beast-form
A: beast (slay +4), hooves 2, large bone plates 3, condensation shield
a: Begin Untransformation


You were in a bailey.
You were a hulking beast.
You visited 2 branches of the dungeon, and saw 9 of its levels.
You also visited: Bailey.

You collected 296 gold pieces.
You spent 259 gold pieces at shops.

Inventory:

Hand Weapons
 l - a +1 whip of electrocution (weapon)
 y - a +0 quarterstaff
 A - a +0 spear
 J - a +1 vampiric short sword
 K - a +4 flail
 O - a +0 short sword of freezing
 P - a +2 trident of draining
 U - a +0 quarterstaff
 Y - a +5 rapier of chaos
 Z - a +0 scimitar of flaming
Missiles
 j - 26 boomerangs
 q - 35 stones
 s - a curare-tipped dart
 Q - 27 poisoned darts (quivered)
Armour
 f - a +0 cloak (melded)
 z - a +0 pair of gloves (melded)
 N - a +0 helmet (melded)
 T - an orb of mayhem
 X - a +0 plate armour (worn)
Magical Staves
 a - a staff of poison
 r - a staff of cold
Jewellery
 B - a ring of willpower (left hand)
 E - a +6 ring of dexterity (right hand)
 R - an amulet of the acrobat (around neck)
Talismans
 c - a beast talisman (active)
 d - a flux talisman
 o - a talisman of death
Wands
 m - a wand of mindburst (18)
 S - a wand of polymorph (6)
Scrolls
 e - a scroll of vulnerability {unknown}
 g - 5 scrolls of enchant armour
 k - 2 scrolls of noise {unknown}
 p - 5 scrolls of teleportation {unknown}
 t - 3 scrolls of fog {unknown}
 v - 2 scrolls of amnesia {unknown}
 w - 3 scrolls of immolation {unknown}
 x - 6 scrolls of identify {unknown}
 C - a scroll of poison {unknown}
 D - 2 scrolls of fear {unknown}
 H - 2 scrolls of revelation {unknown}
Potions
 b - 2 potions of lignification
 h - a potion of brilliance {unknown}
 i - a potion of haste {unknown}
 n - a potion of cancellation
 F - a potion of enlightenment {unknown}
 G - a potion of curing
 L - a potion of heal wounds {unknown}
 M - a potion of mutation {unknown}
 V - a potion of ambrosia {unknown}
 W - a potion of magic {unknown}


   Skills:
 - Level 4.0 Fighting
 * Level 2.9 Staves
 - Level 1.0 Throwing
 - Level 1.0 Armour
 - Level 4.0 Dodging
 - Level 1.0 Stealth
 - Level 1.0 Shields
 - Level 4.0 Unarmed Combat
 - Level 1.0 Evocations
 + Level 10.0 Shapeshifting


You had 8 spell levels left.
You didn't know any spells.
Your spell library contained the following spells:

 Spells                   Type           Power      Damage    Failure   Level
 Foxfire                  Conj/Fire      0%         2x1d4     100%        1
 Magic Dart               Conj           0%         1d3       100%        1
 Blink                    Tloc           0%         N/A       100%        2
 Call Imp                 Summ           0%         N/A       100%        2
 Mephitic Cloud           Conj/Pois/Air  0%         N/A       100%        3
 Manifold Assault         Tloc           0%         N/A       100%        4
 Plasma Beam              Fire/Air       0%         2x1d10    100%        6
 Starburst                Conj/Fire      0%         6d3       100%        6


Dungeon Overview and Level Annotations

Branches:
Dungeon (8/15)             Temple (1/1) D:6          Bailey (1/1)
   Lair: D:8-11

Altars:
Ashenzari
Cheibriados
Dithmenos
Fedhas
Gozag
Hepliaklqana
Kikubaaqudgha
Makhleb
Nemelex Xobeh
Okawaru
Qazlal
Ru
Sif Muna
Trog
Uskayaw
Vehumet
Wu Jian
Xom
Yredelemnul

Shops:
D:1 *   D:5 *


Innate Abilities, Weirdness & Mutations

You are a hulking beast.
Your limbs bulge with bestial killing power. (Slay +4)
You have hoof-like feet.
You are completely covered in large bone plates. (SH +8)
A meltable shield of frost defends you. (SH +4)


Message History

The kobold brigand is severely wounded.
The kobold brigand hits you with a +0 war axe.
The kobold barely misses you. The orc warrior completely misses you.
You completely miss the kobold brigand.
The kobold brigand is severely wounded.
You block the kobold brigand's attack. The orc warrior closely misses you.
You hit the kobold brigand but do no damage.
The kobold brigand is severely wounded.
You block the kobold brigand's attack. The kobold hits you but does no damage.
The orc warrior barely misses you.
You hit the kobold brigand. You kick the kobold brigand.
The kobold brigand is almost dead.
You block the kobold brigand's attack.
The kobold brigand hits you with a +0 war axe.
The kobold hits you but does no damage.
The orc warrior hits you with a +0 war axe!
You hit the kobold brigand.
Lightning courses through the kobold brigand!
You kill the kobold brigand!
The kobold brigand hits you but does no damage.
The orc warrior hits you with a +0 war axe!
* * * LOW HITPOINT WARNING * * *
You block the kobold's attack.
You whack the orc warrior! You kick the orc warrior!
The orc warrior is heavily wounded.
The kobold brigand hits you with a +0 war axe.
* * * LOW HITPOINT WARNING * * *
The orc warrior hits you but does no damage.
You block the kobold's attack.
You completely miss the orc warrior.
The orc warrior is heavily wounded.
You block the kobold brigand's attack. You block the orc warrior's attack.
You block the kobold's attack.
You barely miss the orc warrior.
You kick the orc warrior, but do no damage.
The orc warrior is heavily wounded.
The kobold brigand hits you with a +0 war axe.
* * * LOW HITPOINT WARNING * * *
The orc warrior hits you with a +0 war axe!
You die...

#...∩...#
#.†.....#
##..∩..##
##'''## #)..#
#(..# #...#
####(.(####
#~...Kh).~#
#~~.(.Ko..~~#
.~~.......~~...
#~~.......~~###
.~~.......~~..
##~~.......~~###
.~~.......~~.
#~~.......~~##


You could see an orc warrior, a kobold brigand and a kobold.

Vanquished Creatures
  Joseph (D:7)
  Jeremiah (D:6)
  Prince Ribbit (D:7)
  A water moccasin (D:7)
  An orc warrior (D:7)
  A sky beast (D:7)
  2 ice beasts
  An ogre (D:4)
  2 centaurs (D:7)
  A phantom (D:7)
  6 kobold brigands
  5 bullfrogs
  4 scorpions
  The ghost of awesomeguy42 the Grave Robber, a weakling HuNe (D:3)
  A howler monkey (D:6)
  2 hounds
  4 orc priests
  6 iguanas
  2 sleepcaps
  Natasha (thrice) (D:2)
  4 orc wizards
  11 adders
  6 gnolls
  A shadow imp (D:7)
  2 white imps
  A worm (D:4)
  3 dart slugs
  19 orcs
  5 endoplasms
  4 giant cockroaches
  14 goblins
  8 hobgoblins
  3 quokkas
  9 ball pythons
  12 bats
  8 frilled lizards
  25 kobolds
  3 rats
184 creatures vanquished.

Notes
Turn   | Place    | Note
-------+----------+-------------------------------------------
     0 | D:1      | IdlyInterested the Demonspawn Shapeshifter began the quest
                  | for the Orb.
     0 | D:1      | Reached XP level 1. HP: 15/15 MP: 1/1
   186 | D:1      | Reached skill level 3 in Shapeshifting
   193 | D:1      | Gained mutation: You have large cloven feet. [demonic
                  | ancestry]
   193 | D:1      | Reached XP level 2. HP: 21/21 MP: 2/2
   283 | D:1      | Reached skill level 1 in Armour
   458 | D:1      | Found Biedasun's General Store.
   753 | D:1      | Gained mutation: You have hoof-like feet. [demonic
                  | ancestry]
   753 | D:1      | Reached XP level 3. HP: 26/26 MP: 3/3
   771 | D:1      | Found a faded altar of an unknown god.
  1138 | D:2      | Reached skill level 1 in Stealth
  1192 | D:2      | Noticed Natasha
  1198 | D:2      | Killed Natasha
  1199 | D:2      | Reached XP level 4. HP: 27/32 MP: 4/4
  1288 | D:2      | Reached skill level 1 in Shields
  1340 | D:2      | Reached skill level 4 in Shapeshifting
  1427 | D:2      | You fall into a shaft and drop 1 floor!
  1595 | D:2      | Reached skill level 1 in Evocations
  1595 | D:2      | Gained mutation: You are partially covered in large bone
                  | plates. (SH +4) [demonic ancestry]
  1595 | D:2      | Reached XP level 5. HP: 24/37 MP: 5/5
  2102 | D:2      | Noticed Natasha
  2113 | D:2      | Killed Natasha
  2114 | D:2      | Reached skill level 1 in Throwing
  2577 | D:2      | Noticed Natasha
  2585 | D:2      | Killed Natasha
  2797 | D:3      | Found a runed translucent door.
  2798 | D:3      | Noticed awesomeguy42's ghost (weakling HuNe)
  2807 | D:3      | Killed awesomeguy42's ghost
  2808 | D:3      | Reached skill level 5 in Shapeshifting
  2808 | D:3      | Reached XP level 6. HP: 39/43 MP: 6/6
  3393 | D:4      | Found a hazy altar of Hepliaklqana.
  3453 | D:4      | Gained mutation: You are mostly covered in large bone
                  | plates. (SH +6) [demonic ancestry]
  3453 | D:4      | Reached XP level 7. HP: 35/50 MP: 7/7
  3705 | D:1      | Bought a scroll of enchant armour for 105 gold pieces
  3705 | D:1      | Bought a potion of curing for 42 gold pieces
  3802 | D:5      | Entered Level 5 of the Dungeon
  3834 | D:5      | Reached skill level 6 in Shapeshifting
  4494 | D:5      | Found Agif's CLEARANCE SALE!.
  4524 | D:6      | Found a staircase to the Ecumenical Temple.
  4534 | D:6      | Found a large runed translucent door.
  4534 | D:6      | Found a large runed translucent door.
  4546 | D:6      | Reached skill level 7 in Shapeshifting
  4561 | Temple   | Entered the Ecumenical Temple
  4588 | D:6      | Gained mutation: A meltable shield of frost defends you.
                  | (SH +4) [demonic ancestry]
  4588 | D:6      | Reached XP level 8. HP: 40/57 MP: 8/8
  4943 | D:6      | Noticed Jeremiah
  4964 | D:6      | Killed Jeremiah
  4965 | D:6      | Reached skill level 8 in Shapeshifting
  5161 | D:6      | Found a shimmering altar of Xom.
  5458 | D:7      | Noticed Joseph
  5479 | D:7      | HP: 3/60 [Joseph/+0 quarterstaff (9)]
  5481 | D:7      | Killed Joseph
  5482 | D:7      | Reached skill level 9 in Shapeshifting
  5482 | D:7      | Gained mutation: You are completely covered in large bone
                  | plates. (SH +8) [demonic ancestry]
  5482 | D:7      | Reached XP level 9. HP: 4/65 MP: 9/9
  6230 | D:7      | Noticed Prince Ribbit
  6252 | D:7      | Killed Prince Ribbit
  6301 | D:7      | Reached skill level 1 in Staves
  6562 | D:1      | Bought a potion of cancellation for 112 gold pieces
  6667 | Bailey   | Identified the of Honareig
  6768 | D:8      | Reached skill level 10 in Shapeshifting
  6792 | D:8      | Found a flagged portal.
  6852 | Bailey   | Entered a bailey
  6927 | Bailey   | Slain by an orc warrior

Illustrated notes

Levels and vault maps discovered:
D:1:      dpeg_arrival_renting, layout_loops_ring,
          shapermc_ecumenical_altar_mp_highgroup, serial_shops,
          nicolae_shop_gibbet_a_chance, minmay_tiny_reverse_x
D:2:      kennysheep_big_flooded_room, layout_basic, grunt_ministairs_7,
          kennysheep_generic_room_9, uniq_natasha
D:3:      layout_rooms, gammafunk_ghost_grave, minmay_distorted
D:4:      layout_rooms, mainiacjoe_overflow_six_doors_small
D:5:      layout_rooms, nicolae_shop_clearance
D:6:      due_chaos_kobolds, layout_rooms, minmay_temple_entry_drinking_statues,
          moated_statue, uniq_jeremiah
D:7:      layout_basic, chequers_serial_rivers_marsh, uniq_joseph,
          uniq_prince_ribbit1
D:8:      layout_basic, lightli_bailey_entry_fortress, roderic_batcave
Temple:   compressed_dpeg_circular_temple
Bailey:   bailey_axe_3, bailey

Skill      XL: |  1  2  3  4  5  6  7  8  9 |
---------------+----------------------------+-----
Shapeshifting  | 3 4 5 7 9 10 | 10.0
Armour         | 1 |  1.0
Stealth        | 1 |  1.0
Shields        | 1 |  1.0
Evocations     | 1 |  1.0
Throwing       | 1 |  1.0
Dodging        | 2 3 4 |  4.0
Fighting       | 2 4 |  4.0
Unarmed Combat | 3 4 |  4.0
Staves         | 2 |  2.9

Action                     |  1- 3 |  4- 6 |  7- 9 || total
---------------------------+-------+-------+-------++-------
  Melee: Unarmed           |    50 |       |    56 ||   106
         Whip              |    29 |   136 |   236 ||   401
         Kick              |    13 |    33 |   100 ||   146
         Punch             |       |       |     9 ||     9
  Throw: Boomerang         |       |     6 |     3 ||     9
         Dart              |       |       |     3 ||     3
         Stone             |       |       |    10 ||    10
   Stab: Sleeping          |     2 |       |       ||     2
 Armour: Animal skin       |    34 |       |       ||    34
         Leather armour    |    13 |     3 |       ||    16
         Robe              |     1 |       |       ||     1
         Scale mail        |       |    98 |       ||    98
         Chain mail        |       |       |   121 ||   121
         Plate armour      |       |       |    71 ||    71
  Dodge: Dodged            |    53 |    73 |   115 ||   241
  Block: Other             |       |    11 |   126 ||   137
   Form: Beast             |     1 |     1 |     2 ||     4
                           |     1 |     1 |     1 ||     3
         Flux              |     1 |       |     1 ||     2

Table legend: (Time is in decaauts)
 A = Elapsed time spent in this place.
 B = Non-inter-level travel time spent in this place.
 C = Inter-level travel time spent in this place.
 D = Time resting spent in this place.
 E = Time spent auto-exploring this place.
 F = Levels seen in this place.
 G = Mean time per level.
                   A        B        C        D        E       F      G
               +--------+--------+--------+--------+--------+-----+--------+
         Total |   6989 |   5789 |   1200 |   1044 |   2854 |  10 |  698.9 |
       Dungeon |   6911 |   5711 |   1200 |   1041 |   2854 |   8 |  863.9 |
        Temple |      1 |      1 |      0 |      0 |      0 |   1 |    1.0 |
        Bailey |     76 |     76 |      0 |      3 |      0 |   1 |   76.0 |
               +--------+--------+--------+--------+--------+-----+--------+

Top non-repeatable levels by time:
     D:2: 1477 daAuts
     D:1: 1182 daAuts
     D:6: 1018 daAuts
     D:7: 955 daAuts
     D:5: 768 daAuts
     D:4: 707 daAuts
     D:3: 595 daAuts
     D:8: 206 daAuts
  Bailey: 76 daAuts
  Temple: 1 daAuts
